 Dungeon Crawl Stone Soup version 0.26-a0-665-gefeb406119 (webtiles) character file.

Game seed: 17383387304589937257

58463 dolemite99 the Impaler (level 14, -1/124 HPs)
             Began as a Minotaur Abyssal Knight on Oct 15, 2020.
             Was a High Priest of Lugonu.
             Slain by a freezing wraith (3 damage)
             ... led by a death knight
             ... on level 14 of the Dungeon on Oct 16, 2020.
             The game lasted 00:51:24 (34651 turns).

dolemite99 the Impaler (Minotaur Abyssal Knight)   Turns: 34651, Time: 00:51:25

Health: -1/124     AC: 18    Str: 21    XL:     14   Next: 49%
Magic:  17/18      EV: 12    Int:  9    God:    Lugonu [*****.]
Gold:   690        SH:  0    Dex: 14    Spells: 13/13 levels left

rFire    . . .     SeeInvis .   a - +2 glaive (distort)
rCold    . . .     Faith    +   (shield currently unavailable)
rNeg     . . .     Spirit   .   E - +0 chain mail {MR+}
rPois    +         Reflect  .   (helmet restricted)
rElec    .         Harm     .   L - +2 cloak
rCorr    .         Rampage  .   T - +2 pair of gloves {Dex+3}
MR       ++...                  (no boots)
Stlth    ..........             R - amulet of faith
HPRegen  0.30/turn              d - +4 ring of protection {=R}
MPRegen  0.16/turn              U - ring of poison resistance

@: marked, corroded, slowed, studying Dodging, very slow
A: retaliatory headbutt, horns 2
a: Depart the Abyss, Bend Space, Banish, Corrupt, Enter the Abyss, Renounce
Religion


You were on level 14 of the Dungeon.
You worshipped Lugonu.
Lugonu was extremely pleased with you.
You visited 3 branches of the dungeon, and saw 22 of its levels.
You visited the Abyss 1 time.

You collected 2463 gold pieces.
You spent 1773 gold pieces at shops.

Inventory:

Hand Weapons
 a - a +2 glaive of distortion (weapon)
 b - a +0 longbow
 p - a +1 trident
 y - the +7 Spriggan's Knife {stab, EV+4 Stlth+}
   (You found it on level 6 of the Lair of Beasts)

   It affects your evasion (+4).
   It makes you more stealthy.
Missiles
 u - 568 arrows
Armour
 E - a +0 chain mail of magic resistance (worn)
 L - a +2 cloak (worn)
 T - a +2 pair of gloves of dexterity (worn)
Magical Staves
 q - an uncursed staff of death
Jewellery
 d - a +4 ring of protection (left hand) {=R}
 x - an uncursed ring of magical power
 z - a +6 ring of strength
 C - the amulet of the Air {Inacc +Fly rElec EV+5 RMsl}
   (You found it on level 9 of the Dungeon)

   [amulet of inaccuracy]

   It reduces the accuracy of all your attacks.
   It affects your evasion (+5).
   It insulates you from electricity.
   It lets you fly.
   It protects you from missiles.
 I - a +6 ring of intelligence
 N - an uncursed ring of protection from cold {unknown}
 P - an uncursed ring of resist corrosion
 R - an amulet of faith (around neck)
 S - an uncursed amulet of the acrobat
 U - a ring of poison resistance (right hand)
 W - an uncursed ring of wizardry
Wands
 h - a wand of paralysis (8)
 j - a wand of random effects (20)
 t - a wand of digging (5)
 F - a wand of flame (40)
 O - a wand of disintegration (1)
 V - a wand of iceblast (2)
 Y - a wand of polymorph (7)
 Z - a wand of enslavement (3)
Scrolls
 c - 6 scrolls of blinking
 e - 9 scrolls of remove curse {@r2}
 g - a scroll of magic mapping
 n - 4 scrolls of immolation
 w - 3 scrolls of fear
 A - 6 scrolls of teleportation
 H - 3 scrolls of fog
 J - 3 scrolls of amnesia
 M - 7 scrolls of identify {@r1}
Potions
 f - 3 potions of brilliance
 i - 2 potions of lignification
 k - 3 potions of flight
 l - 5 potions of curing
 r - a potion of cancellation
 v - 8 potions of ambrosia
 D - 2 potions of stabbing
 G - 2 potions of haste
 X - a potion of might
Books
 B - a manual of Dodging
Miscellaneous
 s - a condenser vane (inert)


   Skills:
 - Level 11.6 Fighting
 - Level 6.0 Short Blades
 - Level 16.6 Polearms
 - Level 10.4 Bows
 - Level 4.3 Throwing
 - Level 10.6 Armour
 + Level 7.0 Dodging
 - Level 3.1 Stealth
 - Level 7.7 Invocations
 - Level 7.4 Evocations


You had 13 spell levels left.
You didn't know any spells.
Your spell library contained the following spells:

 Spells                   Type           Power        Failure   Level
 Animate Skeleton         Necr           #.....       95%         1
 Apportation              Tloc           #.....       95%         1
 Corona                   Hex            #......      95%         1
 Freeze                   Ice            #...         95%         1
 Magic Dart               Conj           #...         95%         1
 Sting                    Tmut/Pois      #...         95%         1
 Summon Small Mammal      Summ           #...         95%         1
 Ensorcelled Hibernation  Hex/Ice        #.....       98%         2
 Poisonous Vapours        Pois/Air       #.....       98%         2
 Searing Ray              Conj           #.....       98%         2
 Confusing Touch          Hex            #.......     100%        3
 Conjure Flame            Conj/Fire      #.......     100%        3
 Dazzling Flash           Conj/Hex       #.....       100%        3
 Frozen Ramparts          Ice            #.....       100%        3
 Ignite Poison            Fire/Tmut/Pois #.......     100%        3
 Mephitic Cloud           Conj/Pois/Air  #.......     100%        3
 Ozocubu's Armour         Ice            #.......     100%        3
 Tukima's Dance           Hex            #.......     100%        3
 Fulminant Prism          Conj/Hex       #.........   100%        4
 Hailstorm                Conj/Ice       #.......     100%        4
 Iskenderun's Mystic Bla  Conj/Tloc      #.......     100%        4
 Olgreb's Toxic Radiance  Pois           #.......     100%        4
 Summon Ice Beast         Ice/Summ       #.......     100%        4
 Freezing Cloud           Conj/Ice/Air   #.........   100%        6


Dungeon Overview and Level Annotations

Branches:
Dungeon (14/15)            Temple (0/1) D:5            Lair (6/6) D:9
 Shoals (0/4) Lair:2        Snake (0/4) Lair:4        Slime (0/5) Lair:6
    Orc (2/2) D:12            Elf (0/3) Orc:2        Vaults (0/5) D:13

Altars:
Cheibriados
Fedhas
Kikubaaqudgha
Makhleb
Nemelex Xobeh
Okawaru
Ru
Trog
Vehumet
Zin
The Shining One
Jiyva

Shops:
D:4 }   D:6 :   Orc:2 ::((

Portals:
Hell: Lair:6

Annotations:
D:5 exclusion: oklob plant
D:7 2 transporters, robertstho's ghost, novice KoHu
Lair:6 , corrupted
Orc:2 corrupted


Innate Abilities, Weirdness & Mutations

You reflexively headbutt those who attack you in melee.
You have a pair of horns on your head.


Message History

* * * LOW HITPOINT WARNING * * *
The freezing wraith drains your vigour!
You feel yourself slow down.
You hit the freezing wraith but do no damage.
You headbutt the freezing wraith!
The freezing wraith is moderately damaged.
The freezing wraith blinks!
The freezing wraith barely misses you.
The freezing wraith hits you but does no damage.
Okay, then.
Press: ? - help, Shift-Dir - straight line, f/p - freezing wraith
Aim: a freezing wraith (moderately damaged, chance to defeat MR: 72%)
You fail to use your ability.
The freezing wraith hits you but does no damage. x2
The acid dragon spits acid at you.
The splash of acid hits you but does no damage.
The acid corrodes you!
You are splashed with acid!!
* * * LOW HITPOINT WARNING * * *
The freezing wraith hits you but does no damage.
The freezing wraith hits you.
You die...

#.......##.....##....##.W...##
#.......##.....##....##..z....
#.......'......#.....†pz.G(...
#.......#......#...§.##[....##
#.......#...)..#§§§§.####+###
#.......#......#§§§§§+ ##
##......##..(.###§§§§#
...##......##..W)###§§§§#
.........)..#..(@#.W§§§§#
............#..((#....§§##..
............#..(D#..........
............#...(#..........
.........[..#....#..........
............#....'..........
............#....#..........
############################


You could see a freezing wraith and an acid dragon (catching breath).

Vanquished Creatures
  Rupert (D:13)
  2 hydras
  A death knight (D:14)
  3 two-headed ogres
  Nergalle (Lair:2)
  2 skeletal warriors (D:14)
  A wizard (D:13)
  2 unseen horrors
  2 deep elf magi
  An ugly thing (D:11)
  2 manticores (D:13)
  6 elephants
  4 black mambas
  10 cane toads
  Maggie (Lair:2)
  6 rime drakes
  A torpor snail (Lair:4)
  5 komodo dragons
  An efreet (D:14)
  A queen bee (Lair:4)
  2 meliai (Lair:4)
  A hornet (D:11)
  4 trolls
  17 blink frogs
  A shadow (D:14)
  A wraith (D:14)
  38 yaks
  A vampire (D:13)
  5 wyverns
  Grum (D:10)
  6 basilisks
  A steam dragon (D:11)
  3 nagas (Lair:4)
  2 wargs
  An acid dragon (D:11)
  12 water moccasins
  2 sky beasts
  3 black bears
  4 eyes of draining
  15 orc warriors
  6 phantoms
  3 ice beasts
  10 ogres
  A necrophage (D:9)
  19 centaurs
  26 wolves
  A big kobold (D:12)
  A gnoll sergeant (D:10)
  26 bullfrogs
  24 killer bees
  2 wights (D:13)
  3 howler monkeys
  3 electric eels
  3 bullfrog zombies
  3 centaur zombies
  6 hounds
  14 orc wizards
  11 orc priests
  A gnoll shaman (D:3)
  7 jellies
  6 bullfrog skeletons
  5 centaur skeletons
  Jessica (D:3)
  Natasha (thrice) (D:4)
  Terence (D:3)
  6 iguanas
  A hell rat (Lair:6)
  11 worker ants
  A killer bee zombie (D:5)
  A worker ant zombie (D:11)
  Robin (D:2)
  11 gnolls
  9 adders
  A shadow imp (D:6)
  2 white imps
  5 oozes
  An adder skeleton (D:4)
  An adder zombie (D:8)
  5 worms
  2 dart slugs (D:2)
  8 leopard geckos
  75 orcs
  9 bats
  10 giant cockroaches
  18 goblins
  4 hobgoblins
  15 jackals
  14 kobolds
  7 quokkas
  A ball python (D:6)
  9 frilled lizards
  2 jackal zombies
  A quokka skeleton (D:4)
  9 rats
599 creatures vanquished.

Vanquished Creatures (collateral kills)
  A meliai (Lair:4)
  2 blink frogs (Lair:3)
  2 yaks (Lair:6)
  6 killer bees (Lair:4)
  An orc priest (D:6)
  An orc (D:6)
13 creatures vanquished.

Vanquished Creatures (others)
  A sun demon (Lair:6)
  2 wizards
  An orc knight (Orc:2)
  An orc sorcerer (Orc:2)
  A cane toad (Lair:6)
  A smoke demon (Lair:6)
  An orange demon (Lair:6)
  4 ice devils (Lair:6)
  A red devil (Lair:6)
  A basilisk (D:14)
  3 hell hounds (Lair:6)
  18 orc warriors (Orc:2)
  3 ogres (Orc:2)
  7 centaurs (Orc:2)
  An orc priest (D:10)
  5 orcs (Orc:2)
  33 fungi
  34 plants
118 creatures vanquished.

Grand Total: 730 creatures vanquished

Notes
Turn   | Place    | Note
-------+----------+-------------------------------------------
     0 | Abyss:1  | dolemite99 the Minotaur Abyssal Knight began the quest for
                  | the Orb.
     0 | Abyss:1  | Reached XP level 1. HP: 19/19 MP: 1/1
    18 | D:1      | Escaped the Abyss
    89 | D:1      | Reached skill level 3 in Polearms
   168 | D:1      | You fall into a shaft and drop 1 floor!
   174 | D:2      | Reached XP level 2. HP: 19/26 MP: 2/2
   182 | D:2      | Reached skill level 4 in Polearms
   624 | D:1      | Reached XP level 3. HP: 28/31 MP: 3/3
   733 | D:1      | Reached ** piety under Lugonu
  1295 | D:2      | Reached skill level 5 in Polearms
  1332 | D:2      | Noticed Robin
  1342 | D:2      | Killed Robin
  1342 | D:2      | Reached XP level 4. HP: 39/39 MP: 4/4
  1984 | D:2      | Reached skill level 6 in Polearms
  2093 | D:3      | Reached *** piety under Lugonu
  2633 | D:3      | Reached XP level 5. HP: 27/45 MP: 5/5
  3499 | D:3      | Reached skill level 7 in Polearms
  3631 | D:3      | Reached XP level 6. HP: 36/51 MP: 6/6
  3720 | D:3      | Noticed Jessica
  3727 | D:3      | Killed Jessica
  3727 | D:3      | Reached skill level 8 in Polearms
  3770 | D:3      | Noticed Terence
  3794 | D:3      | Killed Terence
  4524 | D:4      | Found Tenguhen's Gadget Emporium.
  4534 | D:4      | Bought a wand of enslavement (6) for 104 gold pieces
  4917 | D:4      | Reached skill level 9 in Polearms
  4917 | D:4      | Reached XP level 7. HP: 57/57 MP: 7/7
  5238 | D:4      | Noticed Natasha
  5244 | D:4      | Killed Natasha
  5381 | D:4      | Noticed Natasha
  5392 | D:4      | Killed Natasha
  5556 | D:4      | Noticed Natasha
  5562 | D:4      | Killed Natasha
  5610 | D:5      | Entered Level 5 of the Dungeon
  5618 | D:5      | Reached **** piety under Lugonu
  6100 | D:5      | Got a crude long sword
  6106 | D:5      | Identified the +6 long sword "Igietsaixe" {vorpal, Stlth+}
                  | (You found it on level 5 of the Dungeon)
  6375 | D:5      | Reached skill level 5 in Invocations
  6408 | D:5      | Found a staircase to the Ecumenical Temple.
  6713 | D:5      | Reached XP level 8. HP: 60/64 MP: 11/11
  7158 | D:5      | Found a blossoming altar of Fedhas.
  7177 | D:5      | Noticed an oklob plant
  7419 | D:6      | Reached skill level 5 in Fighting
  7474 | D:6      | Found Ruziapp's Book Emporium.
  7478 | D:6      | Reached skill level 1 in Throwing
  8902 | D:7      | Reached XP level 9. HP: 65/75 MP: 12/12
  8904 | D:7      | Reached skill level 5 in Armour
  8947 | D:7      | Found a transporter.
  8956 | D:7      | Found a bloodstained altar of Trog.
  8959 | D:7      | Noticed robertstho's ghost (novice KoHu)
  8964 | D:7      | Identified the cursed +0 great mace of Gluttony {venom,
                  | Dex+3}
  8975 | D:7      | Identified the +3 quarterstaff of Past Mistakes {elec, MR+
                  | Str+2}
  8975 | D:7      | Noticed a tengu warrior
  8978 | D:7      | Noticed a moth of wrath
  8994 | D:7      | Found a transporter.
  9072 | D:7      | Identified the +10 dagger of the Radish {vorpal, Int+3}
  9617 | D:8      | Reached skill level 1 in Short Blades
  9626 | D:8      | Reached ***** piety under Lugonu
  9746 | D:8      | Found a sacrificial altar of Ru.
 10105 | D:8      | Reached skill level 5 in Short Blades
 10543 | D:8      | Found a glowing silver altar of Zin.
 10751 | D:9      | Reached skill level 1 in Stealth
 10905 | D:9      | Reached XP level 10. HP: 25/83 MP: 14/14
 11371 | D:9      | Found the amulet of the Air {Inacc +Fly rElec EV+5 RMsl}
 11485 | D:9      | Reached skill level 1 in Bows
 11561 | D:9      | Found a staircase to the Lair.
 11713 | D:9      | Found a sparkling altar of Nemelex Xobeh.
 11840 | D:9      | Found a glowing golden altar of the Shining One.
 12045 | D:9      | Found a burning altar of Makhleb.
 12048 | D:9      | Found an ancient bone altar of Kikubaaqudgha.
 12478 | D:9      | Found a radiant altar of Vehumet.
 12478 | D:9      | Found a blossoming altar of Fedhas.
 12539 | D:10     | Entered Level 10 of the Dungeon
 12913 | D:10     | Reached skill level 10 in Polearms
 13191 | D:10     | Reached skill level 5 in Bows
 13224 | D:9      | Killed an unseen horror
 13650 | D:4      | Bought a condenser vane (2/2) for 260 gold pieces
 13650 | D:4      | Bought a wand of iceblast (11) for 195 gold pieces
 13801 | Lair:1   | Entered Level 1 of the Lair of Beasts
 13815 | Lair:1   | Reached skill level 1 in Evocations
 14046 | Lair:1   | Noticed a cane toad
 14057 | Lair:1   | Killed a cane toad
 14262 | Lair:1   | Noticed a cane toad
 14264 | Lair:1   | Killed a cane toad
 14264 | Lair:1   | Reached XP level 11. HP: 91/91 MP: 15/15
 14771 | Lair:2   | Noticed Nergalle
 14775 | Lair:2   | Noticed Maggie
 14779 | Lair:2   | Killed Nergalle
 14779 | Lair:2   | Reached skill level 5 in Evocations
 14783 | Lair:2   | Killed Maggie
 15266 | Lair:2   | Reached ****** piety under Lugonu
 15833 | Lair:2   | Found a staircase to the Shoals.
 17121 | Lair:2   | Identified a +2 glaive of distortion (a +0 glaive corrupted
                  | by Lugonu)
 17121 | Lair:2   | Received a gift from Lugonu
 18077 | Lair:3   | Reached skill level 11 in Polearms
 18077 | Lair:3   | Reached XP level 12. HP: 44/100 MP: 7/16
 19129 | Lair:4   | Reached skill level 12 in Polearms
 19346 | Lair:4   | Found a staircase to the Snake Pit.
 19597 | Lair:4   | Reached skill level 13 in Polearms
 20246 | Lair:4   | Reached skill level 14 in Polearms
 21266 | Lair:5   | Reached skill level 10 in Fighting
 22216 | Lair:5   | Reached XP level 13. HP: 102/115 MP: 17/17
 23043 | Lair:6   | Entered Level 6 of the Lair of Beasts
 23483 | Lair:6   | Found a runed translucent door.
 23483 | Lair:6   | Found a viscous altar of Jiyva.
 23671 | Lair:6   | Reached skill level 15 in Polearms
 24483 | Lair:6   | Reached skill level 16 in Polearms
 25246 | Lair:6   | Corrupted Lair:6
 25246 | Lair:6   | Found a gateway to Hell.
 25247 | Lair:6   | Found the +7 Spriggan's Knife {stab, EV+4 Stlth+}
 25247 | Lair:6   | Found a burning altar of Makhleb.
 25703 | Lair:6   | Found a staircase to the Slime Pits.
 26172 | D:10     | Noticed Grum
 26190 | D:10     | Killed Grum
 28342 | D:12     | Found a snail-covered altar of Cheibriados.
 28817 | D:12     | Found a staircase to the Orcish Mines.
 29244 | D:13     | Reached XP level 14. HP: 84/124 MP: 18/18
 30121 | D:13     | Reached skill level 10 in Bows
 30400 | D:13     | Found a gate to the Vaults.
 30548 | D:13     | Noticed Rupert
 30559 | D:13     | Killed Rupert
 30989 | D:13     | Reached skill level 10 in Armour
 31406 | Orc:1    | Entered Level 1 of the Orcish Mines
 31723 | Orc:1    | Found an iron altar of Okawaru.
 31925 | Orc:2    | Entered Level 2 of the Orcish Mines
 32126 | Orc:2    | Corrupted Orc:2
 32126 | Orc:2    | Noticed a starcursed mass
 32221 | Orc:2    | Found a staircase to the Elven Halls.
 32495 | Orc:2    | Found Safuthrun's Book Shop.
 32495 | Orc:2    | Found Kucuperu's Weapon Shoppe.
 33284 | Orc:2    | Found Xovem's Antique Weapon Emporium.
 33286 | Orc:2    | Found Micill's Book Boutique.
 33727 | D:6      | Bought a manual of Dodging for 1214 gold pieces
 34240 | D:14     | Found a glowing golden altar of the Shining One.
 34556 | D:14     | Reached skill level 5 in Dodging
 34651 | D:14     | HP: 2/124 [acid (18)]
 34651 | D:14     | Slain by a freezing wraith

Illustrated notes

Levels and vault maps discovered:
D:1:      dpeg_arrival_more_subterranean_lakeside_camping, layout_loops_ring
D:2:      layout_basic, uniq_robin
D:3:      layout_basic, uniq_jessica, uniq_terence
D:4:      layout_basic, serial_shops, shop, uniq_natasha
D:5:      layout_cave_pools, minmay_temple_entry_mini_moons, tgw_fedhas
D:6:      layout_basic, serial_shops, shop
D:7:      layout_cave_pools, gammafunk_ghost_wrathful_warriors
D:8:      layout_loops_cross, kennysheep_mini_moat, hangedman_ru_absence
D:9:      layout_roguey, gammafunk_temple_overflow_pools,
          grunt_temple_overflow_cloverleaf, lair_entry_dummy, special_room
          [special_room_orc]
D:10:     layout_rooms, enter_bailey_8, uniq_grum
D:11:     layout_grid_maze, nrook_mini_backslash
D:12:     layout_loops_ring, orc_0_dummy, lemuel_statue_altar
D:13:     layout_loops_ring, david_vaults_1, uniq_rupert
D:14:     layout_gridville, basic_altar, minmay_holes
Lair:1:   layout_cellular_growth, serial_bayou_shore_b, lemuel_fruit_tree,
          grunt_megastairs_5
Lair:2:   layout_hall_layers, shoals_dummy_entry, uniq_nergalle, uniq_maggie
Lair:3:   layout_loops_ring, minmay_stone_trees_medium,
          infiniplex_staircase_pool_2, grunt_megastairs_1
Lair:4:   layout_roguey, guppyfry_snake_entry_garden, special_room
          [special_room_bee], infiniplex_staircase_pool
Lair:5:   layout_gridlike, fungi_pond_lemuel, grunt_megastairs_3
Lair:6:   evil_forest, layout_cellular_growth, slime_altar_2
Orc:1:    layout_caves, okawaru_metal_pillars_1_2, uniq_sonja
Orc:2:    st_orc_rangers, layout_caves

Skill      XL: |  1  2  3  4  5  6  7  8  9 10 11 12 13 14 |
---------------+-------------------------------------------+-----
Polearms       | 3 4 5 6 7 9 10 11 14 16 | 16.6
Invocations    | 5 6 7 |  7.7
Fighting       | 5 6 7 10 11 | 11.6
Throwing       | 4 |  4.3
Armour         | 4 6 9 10 | 10.6
Short Blades   | 6 |  6.0
Stealth        | 2 3 |  3.1
Bows           | 6 7 9 10 | 10.4
Evocations     | 3 7 |  7.4
Dodging        | 7 |  7.0

Action                   |  1- 3 |  4- 6 |  7- 9 | 10-12 | 13-15 || total
-------------------------+-------+-------+-------+-------+-------++-------
Melee: Spear             |    96 |   107 |       |       |       ||   203
       Headbutt          |     6 |    19 |    63 |    74 |    38 ||   200
       Halberd           |       |    72 |   135 |       |       ||   207
       Long sword        |       |       |    84 |       |       ||    84
       Dagger            |       |       |   145 |    17 |       ||   162
       Trident           |       |       |       |   271 |       ||   271
       Glaive            |       |       |       |   172 |   259 ||   431
 Fire: Longbow           |       |       |       |   197 |   426 ||   623
Throw: Stone             |    23 |    78 |    51 |       |       ||   152
       Dart              |       |     7 |   139 |       |       ||   146
       Throwing net      |       |       |     3 |       |       ||     3
       Boomerang         |       |       |     8 |    65 |    18 ||    91
Invok: Banish            |       |       |     1 |     5 |     9 ||    15
       Bend Space        |       |       |       |     3 |       ||     3
       Brand Weapon With |       |       |       |     1 |       ||     1
       Corrupt           |       |       |       |       |     2 ||     2
Evoke: Wand              |       |       |     3 |    54 |    19 ||    76
       Condenser vane    |       |       |       |     4 |     4 ||     8
  Use: Scroll            |     1 |       |    20 |    14 |     9 ||    44
       Potion            |       |       |     2 |     2 |     5 ||     9
 Stab: Confused          |       |       |       |     3 |     2 ||     5
Armor: Leather armour    |    21 |    22 |       |       |       ||    43
       Scale mail        |       |     2 |    44 |       |       ||    46
       Chain mail        |       |       |    34 |       |    35 ||    69
       Plate armour      |       |       |   107 |   520 |   374 ||  1001
       Skin              |       |       |    29 |       |       ||    29
Dodge: Dodged            |    31 |    71 |   139 |   229 |   186 ||   656
       Rpst.: Long sword |       |       |    11 |       |       ||    11

Table legend: (Time is in decaauts)
 A = Elapsed time spent in this place.
 B = Non-inter-level travel time spent in this place.
 C = Inter-level travel time spent in this place.
 D = Time resting spent in this place.
 E = Time spent auto-exploring this place.
 F = Levels seen in this place.
 G = Mean time per level.
                   A        B        C        D        E       F      G
               +--------+--------+--------+--------+--------+-----+--------+
         Total |  34654 |  32918 |   1736 |  12031 |  15193 |  23 | 1506.7 |
       Dungeon |  20284 |  18806 |   1478 |   5991 |   9260 |  14 | 1448.9 |
          Lair |  12221 |  12004 |    217 |   5309 |   4980 |   6 | 2036.8 |
  Orcish Mines |   2131 |   2092 |     39 |    730 |    953 |   2 | 1065.5 |
         Abyss |     18 |     18 |      0 |      0 |      0 |   1 |   18.0 |
               +--------+--------+--------+--------+--------+-----+--------+

Top non-repeatable levels by time:
  Lair:2: 2999 daAuts
  Lair:6: 2848 daAuts
     D:2: 2202 daAuts
  Lair:5: 2158 daAuts
     D:9: 2110 daAuts
    D:13: 1975 daAuts
  Lair:4: 1904 daAuts
     D:5: 1834 daAuts
    D:11: 1667 daAuts
   Orc:2: 1603 daAuts
     D:3: 1475 daAuts
     D:6: 1427 daAuts
     D:8: 1398 daAuts
  Lair:3: 1353 daAuts
    D:10: 1285 daAuts
